 Dungeon Crawl Stone Soup version 0.28-a0-1387-g3a22ab9bdc (webtiles) character file.

Game seed: 4129531389765508962

891 HallandMoats the Warrior (level 7, -2/55 HPs)
             Began as a Demonspawn Fighter on Jan 3, 2022.
             Was a Believer of Okawaru.
             Slain by Pikel (8 damage)
             ... on level 6 of the Dungeon.
             The game lasted 00:10:25 (5607 turns).

HallandMoats the Warrior (Demonspawn Fighter)       Turns: 5607, Time: 00:10:25

Health: -2/55      AC: 17    Str: 18    XL:     7   Next: 78%
Magic:  0/11       EV: 16    Int: 15    God:    Okawaru [**....]
Gold:   240        SH:  6    Dex: 12    Spells: 6/6 levels left

rFire   . . .      SeeInvis .   a - +0 war axe
rCold   . . .      Faith    .   c - +0 buckler
rNeg    . . .      Spirit   +   b - +0 scale mail
rPois   .          Reflect  .   t - +2 helmet {Int+3}
rElec   .          Harm     .   n - +0 cloak
rCorr   .          Rampage  .   (no gloves)
Will    .....                   (no boots)
Stlth   +.........              s - amulet of guardian spirit
HPRegen 0.18/turn               C - +4 ring of evasion
MPRegen 0.12/turn               h - +4 ring of protection

@: mighty, heroic
A: ignite blood 1, big brain 1, demonic magic 1, demonic touch 2
a: Renounce Religion, Heroism


You were on level 6 of the Dungeon.
You worshipped Okawaru.
Okawaru was pleased with you.
You visited 1 branch of the dungeon, and saw 6 of its levels.

You collected 282 gold pieces.
You spent 42 gold pieces at shops.

Inventory:

Hand Weapons
 a - a +0 war axe (weapon)
Armour
 b - a +0 scale mail (worn)
 c - a +0 buckler (worn)
 n - a +0 cloak (worn)
 t - a +2 helmet of intelligence (worn)
Jewellery
 g - a ring of protection from cold
 h - a +4 ring of protection (right hand)
 j - a ring of protection from fire
 s - an amulet of guardian spirit (around neck)
 w - a ring of positive energy
 A - a ring of see invisible
 C - a +4 ring of evasion (left hand)
Scrolls
 e - 3 scrolls of teleportation
 f - 2 scrolls of amnesia {unknown}
 i - 3 scrolls of brand weapon {unknown}
 p - a scroll of fog {unknown}
 u - a scroll of holy word {unknown}
 v - 3 scrolls of fear {unknown}
 x - a scroll of magic mapping {unknown}
 y - a scroll of blinking {unknown}
Potions
 k - a potion of ambrosia
 l - a potion of curing
 m - 2 potions of resistance
 o - a potion of berserk rage {unknown}
 q - a potion of mutation {unknown}
 r - a potion of flight {unknown}
 z - 2 potions of degeneration {unknown}
 B - a potion of cancellation


   Skills:
 + Level 4.4(9.4) Fighting
 + Level 3.4(8.4) Axes
 + Level 4.1(9.1) Armour
 + Level 2.7(7.7) Dodging
 + Level 3.9(8.9) Shields
 * Level 5.9 Invocations


You had 6 spell levels left.
You didn't know any spells.
Your spell library contained the following spells:

 Spells                   Type           Power      Damage    Failure   Level
 Freeze                   Ice            0%         1d3       56%         1
 Sublimation of Blood     Necr           0%         N/A       71%         2
 Wereblood                Tmut           0%         N/A       71%         2
 Frozen Ramparts          Ice            0%         1d2       91%         3
 Gell's Gravitas          Tloc           0%         N/A       91%         3
 Teleport Other           Tloc           0%         N/A       91%         3
 Hailstorm                Conj/Ice       0%         3d3       100%        4
 Dispersal                Tloc           0%         N/A       100%        6
 Summon Hydra             Summ           Unusable   N/A       N/A         7

Dungeon Overview and Level Annotations

Branches:
Dungeon (6/15)
 Temple: D:4-7

Altars:
Fedhas
Makhleb
Nemelex Xobeh
Okawaru
Sif Muna
Zin

Shops:
D:2 !([[(   D:5 [==!:*

Annotations:
D:6 Pikel


Innate Abilities, Weirdness & Mutations

Your demonic aura sometimes causes spilled blood to erupt in flames.
You have an unusually large brain. (Int +2)
Spells you cast may paralyse adjacent enemies.
Your touch may inflict irresistible damage on your foes.


Message History

The lemure hits you but does no damage.
You hit the lemure.
The lemure is moderately wounded.
You hit the lemure. You closely miss the scorpion.
The lemure closely misses you. The scorpion misses you.
The lemure barely misses you.
You barely miss the lemure.
The lemure is moderately wounded.
You hit the lemure.
You kill the lemure!
That felt strangely unrewarding.
You slash the scorpion! The lemure misses you. The scorpion stings you.
* * * LOW HITPOINT WARNING * * *
You barely miss the lemure.
The lemure is moderately wounded.
You barely miss the scorpion.
The scorpion stings you but does no damage.
You block the lemure's attack. The scorpion closely misses you.
You slash the scorpion!
You kill the scorpion!
Okawaru accepts your kill.
You hit Pikel.
You block the killer bee zombie's attack.
You slash Pikel!
Pikel is moderately wounded.
You barely miss the killer bee zombie.
The killer bee zombie completely misses you.
You block Pikel's attack.
The killer bee zombie barely misses you.
You slash Pikel!
Pikel is severely wounded.
You slash the killer bee zombie!
The killer bee zombie closely misses you.
Pikel hits you with a +0 whip of freezing.
* * * LOW HITPOINT WARNING * * *
Pikel freezes you.
* * * LOW HITPOINT WARNING * * *
The killer bee zombie misses you.
Pikel hits you with a +0 whip of freezing!
You die...

##..# .... #..#
#..# #..#
#5o#########
#55<........
#K########## # #
#@#####...# .#.#
#)ZZZ)†...# ....$
#######...##....:#
##..).....>.
#####.....# ....#
.### #


You could see Pikel, 3 lemures, an orc, a bullfrog zombie, a killer bee zombie
and a water moccasin skeleton.

Vanquished Creatures
  An orc warrior (D:6)
  A sky beast (D:5)
  2 ogres
  A lemure (D:6)
  3 scorpions
  A jelly (D:5)
  Crazy Yiuf (D:2)
  2 orc priests
  An iguana (D:6)
  An orc wizard (D:6)
  2 hound skeletons
  7 adders
  3 worms
  2 dart slugs
  15 orcs
  5 bats
  7 endoplasms
  A giant cockroach (D:3)
  8 goblins
  11 hobgoblins
  7 jackals
  8 kobolds
  A quokka (D:1)
  4 ball pythons
  3 frilled lizards
  4 rats
  4 bushes (D:2)
106 creatures vanquished.

Vanquished Creatures (others)
  2 fungi (D:2)
  9 plants (D:2)
11 creatures vanquished.

Grand Total: 117 creatures vanquished

Notes
Turn   | Place    | Note
-------+----------+-------------------------------------------
     0 | D:1      | HallandMoats the Demonspawn Fighter began the quest for the
                  | Orb.
     0 | D:1      | Reached XP level 1. HP: 18/18 MP: 1/1
   351 | D:1      | Reached skill level 1 in Invocations
   564 | D:1      | Gained mutation: Your demonic aura sometimes causes spilled
                  | blood to erupt in flames. [demonic ancestry]
   564 | D:1      | Reached XP level 2. HP: 22/24 MP: 2/2
   787 | D:1      | You fall into a shaft and drop 1 floor!
  1273 | D:2      | Found Qoazebb's Armour Shoppe.
  1278 | D:2      | Reached skill level 2 in Invocations
  1278 | D:2      | Gained mutation: Your touch may inflict minor irresistible
                  | damage on your foes. [demonic ancestry]
  1278 | D:2      | Reached XP level 3. HP: 19/29 MP: 4/4
  1401 | D:2      | Found Hefoil's Weapon Emporium.
  1402 | D:2      | Found Faczekoz's Weapon Emporium.
  1911 | D:2      | Found a runed translucent door.
  1912 | D:2      | Noticed Crazy Yiuf
  1973 | D:2      | Found Affun's Distillery.
  1982 | D:2      | Bought a potion of curing for 42 gold pieces
  2004 | D:2      | Found Noaredu's Armour Shop.
  2095 | D:2      | Reached skill level 1 in Dodging
  2095 | D:2      | Gained mutation: Spells you cast may paralyse adjacent
                  | enemies. [demonic ancestry]
  2095 | D:2      | Reached XP level 4. HP: 35/35 MP: 5/5
  2318 | D:2      | Killed Crazy Yiuf
  2319 | D:2      | Reached skill level 3 in Invocations
  2939 | D:3      | Gained mutation: You have an unusually large brain. (Int
                  | +2) [demonic ancestry]
  2939 | D:3      | Reached XP level 5. HP: 41/41 MP: 7/7
  3013 | D:3      | Found a faded altar of an unknown god.
  3030 | D:3      | Prayed at the altar of an unknown god.
  3030 | D:3      | Became a worshipper of Warmaster Okawaru
  3030 | D:3      | Reached * piety under Okawaru
  3265 | D:3      | Found a blossoming altar of Fedhas.
  3297 | D:3      | Found a sparkling altar of Nemelex Xobeh.
  4183 | D:5      | Entered Level 5 of the Dungeon
  4440 | D:5      | Gained mutation: Your touch may inflict irresistible damage
                  | on your foes. [demonic ancestry]
  4440 | D:5      | Reached XP level 6. HP: 30/48 MP: 4/8
  4581 | D:5      | Found Meynen's Distillery.
  4600 | D:5      | Found Zisosu's Assorted Antiques.
  4652 | D:5      | Found Asoaqahu's Book Shop.
  4772 | D:5      | Found Nareapsy's Antique Armour Boutique.
  4821 | D:5      | Noticed a sky beast
  4852 | D:5      | Killed a sky beast
  4853 | D:5      | Reached skill level 4 in Invocations
  5175 | D:5      | Found Vikhi's Jewellery Boutique.
  5260 | D:5      | Found a shimmering blue altar of Sif Muna.
  5260 | D:5      | Found a burning altar of Makhleb.
  5296 | D:5      | Found Watimicw's Jewellery Emporium.
  5340 | D:5      | Reached XP level 7. HP: 54/54 MP: 10/10
  5343 | D:5      | Identified the +9 quarterstaff "Boxim" {freeze, Drain rF+
                  | rC+}
  5576 | D:6      | Reached ** piety under Okawaru
  5577 | D:6      | Reached skill level 5 in Invocations
  5593 | D:6      | Noticed Pikel
  5607 | D:6      | Slain by Pikel

Illustrated notes

Levels and vault maps discovered:
D:1:      lemuel_arrival_room, layout_basic, minmay_pentomino_z2
D:2:      cheibrodos_greedy_goblins, layout_basic, serial_shops,
          nicolae_shop_bloodbath_and_beyond, nicolae_lakefront_shop, shop, shop,
          shop, lexackson_kobold_supper, uniq_crazy_yiuf_cottage
D:3:      layout_loops_ring, mainiacjoe_overflow_two_lobes,
          basic_ecumenical_altar, serial_bayou_pond_e
D:4:      nicolae_cairo_tiling_very_big, layout_basic
D:5:      layout_cave_pools, zin_scriptorium, gammafunk_temple_overflow_statue,
          serial_shops, nicolae_shop_statue_plus, nicolae_shop_statue_plus,
          shop, shop, shop, kennysheep_decorative_pillar,
          nicolae_inconvenience_store
D:6:      layout_loops_ring, minmay_temple_entry_junction, uniq_pikel

Skill      XL: |  1  2  3  4  5  6  7 |
---------------+----------------------+-----
Invocations    | 1 2 3 4 5 |  5.9
Axes           | 2 3 |  3.4
Armour         | 3 4 |  4.1
Dodging        | 1 2 |  2.7
Shields        | 3 |  3.9
Fighting       | 4 |  4.4

Action                   |  1- 3 |  4- 6 |  7- 9 || total
-------------------------+-------+-------+-------++-------
Melee: War axe           |   110 |   387 |    37 ||   534
Invok: Heroism           |       |       |     2 ||     2
  Use: Potion            |       |     1 |     3 ||     4
       Scroll            |       |     5 |       ||     5
Armor: Scale mail        |    93 |   129 |    29 ||   251
Dodge: Dodged            |    87 |   112 |    43 ||   242
Block: Buckler           |    36 |    47 |    20 ||   103

Table legend: (Time is in decaauts)
 A = Elapsed time spent in this place.
 B = Non-inter-level travel time spent in this place.
 C = Inter-level travel time spent in this place.
 D = Time resting spent in this place.
 E = Time spent auto-exploring this place.
 F = Levels seen in this place.
 G = Mean time per level.
                   A        B        C        D        E       F      G
               +--------+--------+--------+--------+--------+-----+--------+
         Total |   5804 |   5558 |    246 |   1033 |   3113 |   6 |  967.3 |
       Dungeon |   5804 |   5558 |    246 |   1033 |   3113 |   6 |  967.3 |
               +--------+--------+--------+--------+--------+-----+--------+

Top non-repeatable levels by time:
     D:2: 1499 daAuts
     D:5: 1333 daAuts
     D:1: 1272 daAuts
     D:4: 899 daAuts
     D:3: 721 daAuts
     D:6: 78 daAuts
